 Dungeon Crawl Stone Soup version 0.22-a0-412-g2b68d144a4 (webtiles) character file.

70 Kriby the Ruffian (level 4, -3/39 HPs)
             Began as a Troll Monk on May 12, 2018.
             Was a Believer of Hepliaklqana.
             Slain by Kriby's ghost (13 damage)
             ... on level 3 of the Dungeon.
             The game lasted 00:01:21 (1538 turns).

Kriby the Ruffian (Troll Monk)                      Turns: 1538, Time: 00:01:21

Health: -3/39      AC:  5    Str: 20    XL:     4   Next: 3%
Magic:  3/3        EV: 11    Int:  6    God:    Hepliaklqana [**....]
Gold:   120        SH:  0    Dex: 14    Spells: 3/3 levels left

rFire    . . .     SeeInvis .     - Unarmed
rCold    . . .     Gourm    +   (no shield)
rNeg     . . .     Faith    .   k - +0 robe (curse)
rPois    .         Spirit   .   (helmet restricted)
rElec    .         Reflect  .   (no cloak)
rCorr    .         Harm     .   (gloves unavailable)
MR       .....                  (boots unavailable)
Stlth    ++........             (no amulet)
HPRegen  0.53/turn              (no ring)
MPRegen  0.08/turn              (no ring)

@: no status effects
A: large, unfitting armour, reduced essence, claws 3, thin skeletal structure 1,
fast metabolism 3, gourmand, regeneration 1, shaggy fur 1, tough skin 2,
MP-powered wands
a: Recall Ancestor, Ancestor Identity, Renounce Religion


You were on level 3 of the Dungeon.
You worshipped Hepliaklqana.
Hepliaklqana was pleased with you.
You were not hungry.

You visited 1 branch of the dungeon, and saw 3 of its levels.

You collected 120 gold pieces.

Inventory:

Armour
 a - a +0 robe
 k - a cursed +0 robe (worn)
Jewellery
 i - a +3 ring of strength {unknown}
Scrolls
 c - 3 scrolls of magic mapping {unknown}
 d - 2 scrolls of fog {unknown}
 f - a scroll of amnesia {unknown}
 g - 2 scrolls of fear {unknown}
Potions
 h - a potion of agility {unknown}
 j - a potion of flight {unknown}
Comestibles
 b - 4 rations


   Skills:
 + Level 2.9 Fighting
 + Level 2.9 Dodging
 - Level 1.0 Stealth
 * Level 4.1 Unarmed Combat


You had 3 spell levels left.
You didn't know any spells.
Your spell library was empty.

Dungeon Overview and Level Annotations

Branches:
Dungeon (3/15)

Altars:
Gozag
Hepliaklqana
Vehumet

Annotations:
D:3 Kriby's ghost, amateur TrMo


Innate Abilities, Weirdness & Mutations

You are too large for most types of armour.
You have claws for hands.
Your metabolism is lightning-fast.
You like to eat raw meat.
Your natural rate of healing is unusually fast.
You are covered in fur. (AC +1)
You have very tough skin. (AC +2)
Your life essence is reduced to manifest your ancestor. (-10% HP)
You have a somewhat thin skeletal structure. (Dex +2, Stealth)
You expend magic power (3 MP) to strengthen your wands.


Message History

You scratch Kriby's ghost but do no damage.
Kriby's ghost hits you but does no damage.
Kriby's ghost is nearby!
You closely miss Kriby's ghost. Kriby's ghost hits you!!
Ouch! That really hurt!
Kriby's ghost is nearby!
You are too injured to fight recklessly!
Kriby's ghost is nearby!
You are too injured to fight recklessly!
Kriby's ghost is nearby!
Kriby's ghost keens inconsolably.
Cihuaton closely misses Kriby's ghost.
You barely miss Kriby's ghost. Kriby's ghost hits you!
* * * LOW HITPOINT WARNING * * *
Cihuaton hits Kriby's ghost but does no damage.
It was a potion of mutation.
You feel extremely strange.
Your bones become slightly less dense.
You feel your magical essence link to your wands.
Kriby's ghost hits you!
You die...

#.###!.# ##.#....
######oSo.# ##
.......W# .
#######<# . #)#
#. ######..# #.#
#RW....##
#..###@######
##.....#
#....##########
#..##.R........##
#.. ##########..#
. ##.# #.## #
#..##.# ##.<..#


You could see the friendly Cihuaton the hexer and Kriby's ghost.

Vanquished Creatures
  An adder (D:2)
  3 worms (D:2)
  A dart slug (D:1)
  A leopard gecko (D:1)
  An orc (D:3)
  5 giant cockroaches
  3 goblins
  A hobgoblin (D:2)
  4 jackals
  7 kobolds
  7 bats
  4 frilled lizards
  6 rats
44 creatures vanquished.

Vanquished Creatures (collateral kills)
  An orc (D:3)
1 creature vanquished.

Grand Total: 45 creatures vanquished

Notes
Turn   | Place    | Note
-------+----------+-------------------------------------------
     0 | D:1      | Kriby the Troll Monk began the quest for the Orb.
     0 | D:1      | Reached XP level 1. HP: 22/22 MP: 0/0
   252 | D:1      | Reached XP level 2. HP: 29/29 MP: 1/1
   789 | D:2      | Found a radiant altar of Vehumet.
   797 | D:2      | Reached XP level 3. HP: 30/36 MP: 2/2
   890 | D:2      | Found a hazy altar of Hepliaklqana.
  1039 | D:2      | Reached skill level 4 in Unarmed Combat
  1120 | D:2      | Found an opulent altar of Gozag.
  1376 | D:3      | Noticed Kriby's ghost (amateur TrMo)
  1430 | D:2      | Became a worshipper of Hepliaklqana the Forgotten
  1430 | D:2      | Reached * piety under Hepliaklqana
  1430 | D:2      | Reached ** piety under Hepliaklqana
  1431 | D:2      | Remembered your ancestor Cihuaton as a hexer
  1470 | D:3      | Reached XP level 4. HP: 35/39 MP: 3/3
  1538 | D:3      | Gained mutation: You have a somewhat thin skeletal structure. (Dex +2, Stealth) [potion of mutation]
  1538 | D:3      | Gained mutation: You expend magic power (3 MP) to strengthen your wands. [potion of mutation]
  1538 | D:3      | Slain by Kriby's ghost

Vault maps used:
D:1:      lightli_arrival_maybe_door_vault
D:2:      nicolae_overflow_crystal_walls, lemuel_crystal_altar, st_stairs_13,
          nicolae_gozag_seed_capital

Skill      XL: |  1  2  3 |
---------------+----------+-----
Unarmed Combat | 4 |  4.1
Fighting       | |  2.9
Dodging        | |  2.9
Stealth        | |  1.0

Action                   |  1- 3 |  4- 6 || total
-------------------------+-------+-------++-------
Melee: Unarmed           |   102 |     4 ||   106
       Punch             |     1 |       ||     1
Invok: Ancestor Life: He |     1 |       ||     1
  Use: Potion            |       |     1 ||     1
 Stab: Sleeping          |     5 |       ||     5
  Eat: Chunk             |    14 |       ||    14
Armor: Robe              |    57 |     2 ||    59
Dodge: Dodged            |    74 |     1 ||    75

Table legend:
 A = Spawn XP
 B = Non-spawn XP
 C = Spawn XP percentage of total XP
 D = Spawn monster count
 E = Non-spawn monster count
 F = Spawn count percentage of total count
 G = Total turns spent on level
                    A         B        C        D         E        F      G
               +---------+---------+-------+---------+---------+-------+---------
         Total |       0 |     100 |   0.0 |       0 |      45 |   0.0 |  1538
               +---------+---------+-------+---------+---------+-------+---------
           D:1 |       0 |      29 |   0.0 |       0 |      16 |   0.0 |   695
           D:2 |       0 |      63 |   0.0 |       0 |      26 |   0.0 |   796
           D:3 |       0 |       8 |   0.0 |       0 |       3 |   0.0 |    47
               +---------+---------+-------+---------+---------+-------+---------
